 Dungeon Crawl Stone Soup version 0.23.2-33-g5129a83184 (webtiles) character file.

Game seed: 7859782213708900613

54 DorianNounverber the Magician (level 3, -1/19 HPs)
             Began as a Deep Elf Wizard on July 7, 2019.
             Slain by an adder (3 damage)
             ... on level 2 of the Dungeon.
             The game lasted 00:05:04 (1309 turns).

DorianNounverber the Magician (Deep Elf Wizard)     Turns: 1309, Time: 00:05:04

Health: -1/19      AC:  3    Str:  4    XL:     3   Next: 66%
Magic:  2/12       EV: 13    Int: 23    God:
Gold:   0          SH:  0    Dex: 13    Spells: 9/14 levels left

rFire    . . .     SeeInvis .   h - -2 whip (curse)
rCold    . . .     Gourm    .   (no shield)
rNeg     . . .     Faith    .   a - +0 robe
rPois    .         Spirit   .   b - +0 hat
rElec    .         Reflect  .   (no cloak)
rCorr    .         Harm     .   j - +0 pair of gloves
MR       .....                  (no boots)
Stlth    ++........             (no amulet)
HPRegen  0.06/turn              (no ring)
MPRegen  0.13/turn              (no ring)

@: lethally poisoned (-1 -> -7), very slightly contaminated
A: no striking features
a: no special abilities


You were on level 2 of the Dungeon.
You were not hungry.

You visited 1 branch of the dungeon, and saw 2 of its levels.

Inventory:

Hand Weapons
 h - a cursed -2 whip (weapon)
Armour
 a - a +0 robe (worn)
 b - a +0 hat (worn)
 j - a +0 pair of gloves (worn)
 k - a +0 pair of gloves
Potions
 c - 2 potions of heal wounds {unknown}
 e - a potion of mutation {unknown}
 f - 3 potions of brilliance {unknown}
 g - a potion of flight {unknown}
 i - a potion of agility {unknown}
Comestibles
 d - 4 rations


   Skills:
 * Level 2.8 Dodging
 + Level 2.5 Stealth
 * Level 6.0 Spellcasting
 * Level 1.6 Conjurations
 + Level 1.1 Summonings
 + Level 1.1 Translocations


You had 9 spell levels left.
You knew the following spells:

 Your Spells              Type           Power        Failure   Level  Hunger
a - Magic Dart            Conj           ##..         4%          1    None
b - Call Imp              Summ           ##......     9%          2    None
c - Blink                 Tloc           N/A          9%          2    None

Your spell library contained the following spells:

 Spells                   Type           Power        Failure   Level  Hunger
 Slow                     Hex            #.......     13%         2    None
 Conjure Flame            Conj/Fire      ##......     19%         3    #......
 Mephitic Cloud           Conj/Pois/Air  #.......     21%         3    #......


Dungeon Overview and Level Annotations

Branches:
Dungeon (2/15)

Altars:


Message History

A frilled lizard and an adder come into view.
The adder hisses angrily.
A jackal comes into view.
A bat comes into view.
A jackal comes into view.
The frilled lizard hisses angrily.
You hit the kobold.
The kobold is severely wounded.
The kobold misses you. The adder bites you.
* * * LOW HITPOINT WARNING * * *
You are lethally poisoned!
The adder poisons you! The kobold barely misses you.
The adder completely misses you.
* * * LOW HITPOINT WARNING * * *
You feel sick. The kobold hits you but does no damage.
A jackal comes into view.
* * * LOW HITPOINT WARNING * * *
You feel sick. The adder bites you.
You die...

...#######..#
###h.$...$..###
...............
#h.......# #.......#
. #....l..#
..####..b....#
......hSK...# .
###....@).†.#### ..#
#.............
#...###.........##?.
..#.................
.....?.........#...g
...................#
........<...........
........)......#.###
...........##?.#...


You could see an adder, 3 jackals, a bat, a kobold and a frilled lizard.

Vanquished Creatures
  An adder (D:2)
  A worm (D:2)
  A dart slug (D:2)
  A giant cockroach (D:1)
  3 goblins (D:1)
  4 hobgoblins
  4 jackals (D:1)
  2 kobolds (D:1)
  3 bats (D:1)
  2 frilled lizards (D:1)
  3 rats
25 creatures vanquished.

Vanquished Creatures (collateral kills)
  A ball python (D:1)
  A bat (D:1)
  A giant cockroach (D:1)
  A goblin (D:1)
  3 hobgoblins (D:1)
  8 jackals (D:1)
  A rat (D:1)
16 creatures vanquished.

Grand Total: 41 creatures vanquished

Notes
Turn   | Place    | Note
-------+----------+-------------------------------------------
     0 | D:1      | DorianNounverber the Deep Elf Wizard began the quest for
                  | the Orb.
     0 | D:1      | Reached XP level 1. HP: 10/10 MP: 7/7
   169 | D:1      | Reached skill level 5 in Spellcasting
   169 | D:1      | Reached XP level 2. HP: 15/15 MP: 1/10
   330 | D:1      | Learned a level 2 spell: Call Imp
   333 | D:1      | Learned a level 2 spell: Blink
   687 | D:1      | Reached XP level 3. HP: 12/19 MP: 0/12
  1292 | D:2      | Reached skill level 6 in Spellcasting
  1309 | D:2      | Slain by an adder

Skill      XL: |  1  2  3 |
---------------+----------+-----
Spellcasting   | 5 6 |  6.0
Dodging        | |  2.8
Stealth        | |  2.5
Conjurations   | |  1.6
Summonings     | |  1.1
Translocations | |  1.1

Action                   || total
-------------------------++-------
Melee: Whip              ||     1
 Cast: Magic Dart        ||    82
       Call Imp          ||    12
  Eat: Ration            ||     1
Armor: Robe              ||     3
Dodge: Dodged            ||    25
